TOP OF THE 1ST |
Temiskaming District Secondary School Saints batting - Pitching for Fort Worth HS Turkeys : RHP Rusty Vallee
|
Pitching: RHP Rusty Vallee
|
|
Batting: RHB José Icaza
|
0-0: Called Strike 0-1: Foul Ball, location: 2F 0-2: Ball 1-2: Strikes out looking
|
Batting: LHB Carson Dickinson
|
0-0: Ball 1-0: Swinging Strike 1-1: Ball 2-1: Fly out, F8 (Flyball, 8LD)
|
Batting: RHB Ramón Cabrera
|
0-0: Called Strike 0-1: Swinging Strike 0-2: Ball 1-2: Ball 2-2: Strikes out looking
|
Top of the 1st over - 0 run(s), 0 hit(s), 0 error(s), 0 left on base; Temiskaming District Secondary School 0 - Fort Worth HS 0 |
BOTTOM OF THE 1ST |
Fort Worth HS Turkeys batting - Pitching for Temiskaming District Secondary School Saints : RHP Brad Tatum
|
Pitching: RHP Brad Tatum
|
|
Batting: LHB Fernando García
|
0-0: Foul Ball, location: 2F 0-1: Ball 1-1: Fly out, F8 (Flyball, 8LD)
|
Batting: SHB Rick Cochran
|
0-0: Ground out 4-3 (Groundball, 4D)
|
Batting: LHB Mike Richardson
|
0-0: Called Strike 0-1: Fly out, F4 (Line Drive, 4)
|
Bottom of the 1st over - 0 run(s), 0 hit(s), 0 error(s), 0 left on base; Temiskaming District Secondary School 0 - Fort Worth HS 0 |
TOP OF THE 2ND |
Temiskaming District Secondary School Saints batting - Pitching for Fort Worth HS Turkeys : RHP Rusty Vallee
|
Batting: LHB Leonardo Torres
|
0-0: Called Strike 0-1: Called Strike 0-2: Fly out, F9 (Flyball, 9S)
|
Batting: RHB Hilton Knowles
|
0-0: Ball 1-0: Swinging Strike 1-1: Foul Ball, location: 2F 1-2: Foul Ball, location: 2F 1-2: SINGLE (Line Drive, 34D)
|
Batting: RHB Louis-Joseph Perrier
|
0-0: Foul Ball, location: 2F 0-1: Ground out 4-3 (Groundball, 4MS) Hilton Knowles to second
|
Batting: RHB José Ramírez
|
0-0: Called Strike 0-1: Ball 1-1: Ball 2-1: Ball 3-1: Ground out 2-3 (Groundball, 15S)
|
Top of the 2nd over - 0 run(s), 1 hit(s), 0 error(s), 1 left on base; Temiskaming District Secondary School 0 - Fort Worth HS 0 |
BOTTOM OF THE 2ND |
Fort Worth HS Turkeys batting - Pitching for Temiskaming District Secondary School Saints : RHP Brad Tatum
|
Batting: RHB Tristan Vincent
|
0-0: Ball 1-0: Ball 2-0: Foul Ball, location: 2F 2-1: Foul Ball, location: 2F 2-2: Foul Ball, location: 2F 2-2: Foul Ball, location: 2F 2-2: Foul Ball, location: 2F 2-2: SINGLE (Flyball, 6MD)
|
Batting: LHB Francisco Madraso
|
0-0: Swinging Strike 0-1: Swinging Strike 0-2: Strikes out swinging
|
Batting: RHB Cameron Harris
|
0-0: Called Strike 0-1: SINGLE (Line Drive, 56D) Tristan Vincent to second
|
Batting: RHB Denny Dennis
|
0-0: Ball 1-0: Ball 2-0: Called Strike 2-1: Foul Ball, location: 2F 2-2: SINGLE (Groundball, 56D) Tristan Vincent to third Cameron Harris to second
|
Batting: RHB Terry McRa
|
0-0: Ball 1-0: Ball 2-0: Foul Ball, location: 2F 2-1: Foul Ball, location: 2F 2-2: Ball 3-2: Foul Ball, location: 2F 3-2: Foul Ball, location: 2F 3-2: Base on Balls Tristan Vincent scores Cameron Harris to third Denny Dennis to second
|
Batting: RHB Fred Smith
|
0-0: Ball 1-0: Swinging Strike 1-1: Swinging Strike 1-2: Ball 2-2: Strikes out looking
|
Batting: LHB Fernando García
|
0-0: Ball 1-0: Ball 2-0: Called Strike 2-1: Called Strike 2-2: Ball 3-2: Foul Ball, location: 2F 3-2: Foul Ball, location: 2F 3-2: Base on Balls Cameron Harris scores Denny Dennis to third Terry McRa to second
|
Batting: SHB Rick Cochran
|
0-0: Called Strike 0-1: Ball 1-1: Ball 2-1: Ball 3-1: SINGLE (Groundball, 6MD) Denny Dennis scores Terry McRa to third Fernando García to second Runner from 3rd tries for Home, SAFE, no throw
|
Batting: LHB Mike Richardson
|
0-0: Ball 1-0: Ball 2-0: Ball 3-0: Foul Ball, location: 2F 3-1: Base on Balls Fernando García to third Rick Cochran to second
|
Batting: RHB Tristan Vincent
|
0-0: Ball 1-0: Swinging Strike 1-1: Foul Ball, location: 2F 1-2: Ball 2-2: Ground out 1-3 (Groundball, 13S)
|
Bottom of the 2nd over - 4 run(s), 4 hit(s), 0 error(s), 3 left on base; Temiskaming District Secondary School 0 - Fort Worth HS 4 |
TOP OF THE 3RD |
Temiskaming District Secondary School Saints batting - Pitching for Fort Worth HS Turkeys : RHP Rusty Vallee
|
Batting: RHB Scott Roberts
|
0-0: Fly out, F6 (Popup, 6)
|
Batting: LHB Kevin McGee
|
0-0: Foul Ball, location: 2F 0-1: Ball 1-1: Ball 2-1: SINGLE (Flyball, 89S)
|
Batting: RHB José Icaza
|
0-0: Ball 1-0: Foul Ball, location: 2F 1-1: Called Strike 1-2: Strikes out swinging
|
Batting: LHB Carson Dickinson
|
0-0: Called Strike 0-1: Called Strike 0-2: Ball 1-2: Ball Kevin McGee steals 2nd base 2-2: Ball 3-2: Strikes out swinging
|
Top of the 3rd over - 0 run(s), 1 hit(s), 0 error(s), 1 left on base; Temiskaming District Secondary School 0 - Fort Worth HS 4 |
BOTTOM OF THE 3RD |
Fort Worth HS Turkeys batting - Pitching for Temiskaming District Secondary School Saints : RHP Brad Tatum
|
Batting: LHB Francisco Madraso
|
0-0: Foul Ball, location: 2F 0-1: Ball 1-1: Swinging Strike 1-2: Ball 2-2: Ball 3-2: Foul Ball, location: 2F 3-2: Fly out, F9 (Flyball, 9)
|
Batting: RHB Cameron Harris
|
0-0: Called Strike 0-1: Ball 1-1: Ground out 6-3 (Groundball, 6M)
|
Batting: RHB Denny Dennis
|
0-0: Ball 1-0: Ball 2-0: Ball 3-0: Called Strike 3-1: Called Strike 3-2: SINGLE (Line Drive, 8LS)
|
Batting: RHB Terry McRa
|
0-0: Ball 1-0: Ball 2-0: Ball 3-0: Base on Balls Denny Dennis to second
|
Pitching: RHP George Smith
|
|
Batting: RHB Fred Smith
|
0-0: Ball 1-0: Called Strike 1-1: Ball 2-1: Ball 3-1: Called Strike 3-2: Ground out 4-3 (Groundball, 4)
|
Bottom of the 3rd over - 0 run(s), 1 hit(s), 0 error(s), 2 left on base; Temiskaming District Secondary School 0 - Fort Worth HS 4 |
TOP OF THE 4TH |
Temiskaming District Secondary School Saints batting - Pitching for Fort Worth HS Turkeys : RHP Rusty Vallee
|
Batting: RHB Ramón Cabrera
|
0-0: Called Strike 0-1: Ball 1-1: Foul Ball, location: 2F 1-2: Ball 2-2: Ball 3-2: SOLO HOME RUN (Flyball, 7LD), Distance : 336 ft
|
Batting: LHB Leonardo Torres
|
0-0: Called Strike 0-1: Ball 1-1: Ball 2-1: Foul Ball, location: 2F 2-2: Fly out, F6 (Line Drive, 6)
|
Batting: RHB Hilton Knowles
|
0-0: Called Strike 0-1: Ball 1-1: Called Strike 1-2: Strikes out swinging
|
Batting: RHB Louis-Joseph Perrier
|
0-0: Ball 1-0: Ball 2-0: Ball 3-0: Base on Balls
|
Batting: RHB José Ramírez
|
0-0: Ball 1-0: Ball 2-0: Ball 3-0: Called Strike 3-1: Base on Balls Louis-Joseph Perrier to second
|
Batting: RHB Scott Roberts
|
0-0: Ball 1-0: Called Strike 1-1: Foul Ball, location: 2F 1-2: Ground out 5-3 (Groundball, 56S)
|
Top of the 4th over - 1 run(s), 1 hit(s), 0 error(s), 2 left on base; Temiskaming District Secondary School 1 - Fort Worth HS 4 |
BOTTOM OF THE 4TH |
Fort Worth HS Turkeys batting - Pitching for Temiskaming District Secondary School Saints : RHP George Smith
|
Batting: LHB Fernando García
|
0-0: Swinging Strike 0-1: Foul Ball, location: 2F 0-2: Fly out, F8 (Flyball, 8LD)
|
Batting: SHB Rick Cochran
|
0-0: Called Strike 0-1: Ground out 4-3 (Groundball, 4)
|
Batting: LHB Mike Richardson
|
0-0: Swinging Strike 0-1: Ball 1-1: Swinging Strike 1-2: Ball 2-2: Foul Ball, location: 2F 2-2: Foul Ball, location: 2F 2-2: Ball 3-2: Foul Ball, location: 2F 3-2: Ground out 3-1 (Groundball, 34)
|
Bottom of the 4th over - 0 run(s), 0 hit(s), 0 error(s), 0 left on base; Temiskaming District Secondary School 1 - Fort Worth HS 4 |
TOP OF THE 5TH |
Temiskaming District Secondary School Saints batting - Pitching for Fort Worth HS Turkeys : RHP Rusty Vallee
|
Batting: LHB Kevin McGee
|
0-0: Ball 1-0: Ball 2-0: Foul Ball, location: 2F 2-1: Called Strike 2-2: Reached on error, E3 (Groundball, 34)
|
Batting: RHB José Icaza
|
0-0: Swinging Strike 0-1: Called Strike 0-2: Ball 1-2: Fly out, F9 (Flyball, 9S)
|
Pitching: RHP Arnold Faucher
|
|
Batting: LHB Carson Dickinson
|
0-0: Swinging Strike 0-1: 2-RUN HOME RUN (Flyball, 9LD), Distance : 323 ft
|
Batting: RHB Ramón Cabrera
|
0-0: Ball 1-0: Ball 2-0: Ball 3-0: Base on Balls
|
Batting: LHB Leonardo Torres
|
0-0: Called Strike 0-1: Ball 1-1: Swinging Strike 1-2: Ball 2-2: Strikes out looking
|
Batting: RHB Hilton Knowles
|
0-0: Ball 1-0: Foul Ball, location: 2F 1-1: Fly out, F3 (Line Drive, 3S)
|
Top of the 5th over - 2 run(s), 1 hit(s), 1 error(s), 1 left on base; Temiskaming District Secondary School 3 - Fort Worth HS 4 |
BOTTOM OF THE 5TH |
Fort Worth HS Turkeys batting - Pitching for Temiskaming District Secondary School Saints : RHP George Smith
|
Batting: RHB Tristan Vincent
|
0-0: Ball 1-0: Ball 2-0: Called Strike 2-1: Foul Ball, location: 2F 2-2: Ball 3-2: Foul Ball, location: 2F 3-2: Foul Ball, location: 2F 3-2: Base on Balls
|
Batting: LHB Francisco Madraso
|
0-0: Ball 1-0: Ball 2-0: Ball 3-0: Called Strike 3-1: Base on Balls Tristan Vincent to second
|
Batting: RHB Cameron Harris
|
0-0: Called Strike 0-1: Ground out 6-3 (Groundball, 6M) Tristan Vincent to third Francisco Madraso to second
|
Batting: RHB Denny Dennis
|
0-0: Ball 1-0: SINGLE (Line Drive, 7S) Tristan Vincent scores Francisco Madraso to third
|
Batting: RHB Terry McRa
|
0-0: Foul Ball, location: 2F 0-1: Ball 1-1: Fly out, F4 (Popup, 4)
|
Pitching: RHP John Bauer
|
|
Batting: RHB Fred Smith
|
0-0: Foul Ball, location: 2F 0-1: Called Strike 0-2: Fielders Choice at 2nd, 5-4 (Groundball, 56)
|
Bottom of the 5th over - 1 run(s), 1 hit(s), 0 error(s), 1 left on base; Temiskaming District Secondary School 3 - Fort Worth HS 5 |
TOP OF THE 6TH |
Temiskaming District Secondary School Saints batting - Pitching for Fort Worth HS Turkeys : RHP Arnold Faucher
|
Batting: RHB Louis-Joseph Perrier
|
0-0: Ball 1-0: Called Strike 1-1: Ball 2-1: Swinging Strike 2-2: Ball 3-2: Base on Balls
|
Batting: RHB José Ramírez
|
0-0: Called Strike 0-1: Ball 1-1: Called Strike 1-2: SINGLE (Flyball, 6MD) Louis-Joseph Perrier to second
|
Batting: RHB Scott Roberts
|
0-0: Called Strike 0-1: SINGLE (Flyball, 9LS) Louis-Joseph Perrier to third José Ramírez to second
|
Batting: LHB Kevin McGee
|
0-0: Ball 1-0: Called Strike 1-1: Ball 2-1: Called Strike 2-2: Ball 3-2: Base on Balls Louis-Joseph Perrier scores José Ramírez to third Scott Roberts to second
|
Pitching: RHP Rodney Clemente
|
|
Batting: RHB José Icaza
|
0-0: Hit by Pitch José Ramírez scores Scott Roberts to third Kevin McGee to second
|
Batting: LHB Carson Dickinson
|
0-0: Foul Ball, location: 2F 0-1: Fly out, F8 (Flyball, 8RD) Runner from 3rd tags up, SCORES, no throw Kevin McGee to third
|
Batting: RHB Ramón Cabrera
|
0-0: Ball 1-0: Foul Ball, location: 2F 1-1: DOUBLE (Line Drive, 8LD) Kevin McGee scores José Icaza to third Runner from 3rd tries for Home, SAFE, no throw
|
Batting: LHB Leonardo Torres
|
0-0: Intentional Walk
|
Batting: RHB Hilton Knowles
|
0-0: Ball 1-0: Ball 2-0: Called Strike 2-1: Foul Ball, location: 2F 2-2: Fly out, F9 (Flyball, 9LM)
|
Batting: RHB Louis-Joseph Perrier
|
0-0: Called Strike 0-1: Swinging Strike 0-2: Ball 1-2: Ball 2-2: Ball 3-2: Foul Ball, location: 2F 3-2: SINGLE (Flyball, 78S) Ramón Cabrera to third Leonardo Torres to second Ramón Cabrera scores Leonardo Torres to third
|
Pitching: LHP Ed Dixon
|
|
Batting: RHB José Ramírez
|
0-0: Ball 1-0: Ball 2-0: Ball 3-0: Base on Balls Louis-Joseph Perrier to second
|
Batting: RHB Scott Roberts
|
0-0: SINGLE (Flyball, 7S) Leonardo Torres scores Louis-Joseph Perrier to third José Ramírez to second Runner from 3rd tries for Home, SAFE, no throw
|
Batting: LHB Kevin McGee
|
0-0: Called Strike 0-1: Called Strike 0-2: Ball 1-2: Ball 2-2: Foul Ball, location: 2F 2-2: SINGLE (Line Drive, 6M) José Ramírez to third Scott Roberts to second Runner from 3rd tries for Home, SAFE, throw made home Scott Roberts to third Kevin McGee to second
|
Batting: RHB José Icaza
|
0-0: Foul Ball, location: 2F 0-1: Foul Ball, location: 2F 0-2: Ball 1-2: Ball 2-2: Ball 3-2: Foul Ball, location: 2F 3-2: SINGLE (Line Drive, 7S) Scott Roberts scores Kevin McGee to third Kevin McGee scores
|
Pitching: LHP Rickey Cuttle
|
|
Batting: LHB Carson Dickinson
|
0-0: Foul Ball, location: 2F 0-1: SINGLE (Line Drive, 9S) José Icaza to second Runner from 2nd tries for 3rd, SAFE, throw made to third
|
Batting: RHB Ramón Cabrera
|
0-0: Called Strike 0-1: Fly out, F3 (Popup, 3L)
|
Top of the 6th over - 11 run(s), 8 hit(s), 0 error(s), 2 left on base; Temiskaming District Secondary School 14 - Fort Worth HS 5 |
BOTTOM OF THE 6TH |
Fort Worth HS Turkeys batting - Pitching for Temiskaming District Secondary School Saints : RHP John Bauer
|
Batting: LHB Fernando García
|
0-0: Called Strike 0-1: Called Strike 0-2: Ball 1-2: Strikes out looking
|
Batting: SHB Rick Cochran
|
0-0: Swinging Strike 0-1: Foul Ball, location: 2F 0-2: SINGLE (Groundball, 34) (infield hit)
|
Batting: LHB Mike Richardson
|
0-0: Called Strike 0-1: Ball 1-1: Ball 2-1: Ball 3-1: Base on Balls Rick Cochran to second
|
Batting: RHB Tristan Vincent
|
0-0: Swinging Strike 0-1: Ball 1-1: Called Strike Rick Cochran steals 3rd base Mike Richardson to second 1-2: Strikes out swinging
|
Batting: LHB Francisco Madraso
|
0-0: Called Strike 0-1: Ball 1-1: Foul Ball, location: 2F 1-2: Ball 2-2: Ball 3-2: Ground out U3 (Groundball, 3L)
|
Bottom of the 6th over - 0 run(s), 1 hit(s), 0 error(s), 2 left on base; Temiskaming District Secondary School 14 - Fort Worth HS 5 |
TOP OF THE 7TH |
Temiskaming District Secondary School Saints batting - Pitching for Fort Worth HS Turkeys : LHP Rickey Cuttle
|
Batting: LHB Leonardo Torres
|
0-0: Ball 1-0: Called Strike 1-1: Ball 2-1: Ground out U3 (Groundball, 34)
|
Batting: RHB Hilton Knowles
|
0-0: Called Strike 0-1: Ball 1-1: Swinging Strike 1-2: Ball 2-2: Strikes out swinging
|
Batting: RHB Louis-Joseph Perrier
|
0-0: Ball 1-0: Called Strike 1-1: SINGLE (Groundball, 56D)
|
Batting: RHB José Ramírez
|
0-0: Called Strike 0-1: Ball 1-1: Fielders Choice at 2nd, 5-4 (Groundball, 56)
|
Top of the 7th over - 0 run(s), 1 hit(s), 0 error(s), 0 left on base; Temiskaming District Secondary School 14 - Fort Worth HS 5 |
BOTTOM OF THE 7TH |
Fort Worth HS Turkeys batting - Pitching for Temiskaming District Secondary School Saints : RHP John Bauer
|
Pitching: RHP Bill Lindsay
|
|
Batting: RHB Cameron Harris
|
0-0: Ball 1-0: SOLO HOME RUN (Line Drive, 78XD), Distance : 374 ft
|
Batting: RHB Denny Dennis
|
0-0: Ball 1-0: Ball 2-0: Ball 3-0: Base on Balls
|
Batting: RHB Terry McRa
|
0-0: Called Strike 0-1: Ball 1-1: Foul Ball, location: 2F 1-2: Ball 2-2: Foul Ball, location: 2F 2-2: Foul Ball, location: 2F 2-2: Ball 3-2: Base on Balls Denny Dennis to second
|
Pitching: LHP Guillermo Silva
|
|
Batting: RHB Fred Smith
|
0-0: SINGLE (Groundball, 4S) (infield hit) Denny Dennis to third Terry McRa to second
|
Pitching: LHP Ken Byrd
|
|
Batting: LHB Fernando García
|
0-0: Called Strike 0-1: Ball 1-1: Foul Ball, location: 2F 1-2: Strikes out swinging
|
Batting: SHB Rick Cochran
|
0-0: Called Strike 0-1: Ball 1-1: Fly out, F8 (Flyball, 8LM) Runner from 3rd tags up, SCORES, throw made
|
Batting: LHB Mike Richardson
|
0-0: Ball 1-0: Ball 2-0: Ball 3-0: Base on Balls Terry McRa to third Fred Smith to second
|
Batting: RHB Tristan Vincent
|
0-0: Called Strike 0-1: Foul Ball, location: 2F 0-2: Ball 1-2: Strikes out looking
|
Bottom of the 7th over - 2 run(s), 2 hit(s), 0 error(s), 3 left on base; Temiskaming District Secondary School 14 - Fort Worth HS 7 |
TOP OF THE 8TH |
Temiskaming District Secondary School Saints batting - Pitching for Fort Worth HS Turkeys : LHP Rickey Cuttle
|
Batting: RHB Scott Roberts
|
0-0: Foul Ball, location: 2F 0-1: Ball 1-1: Ground out 6-3 (Groundball, 6MD)
|
Batting: LHB Kevin McGee
|
0-0: Called Strike 0-1: Foul Ball, location: 2F 0-2: Ball 1-2: Ball 2-2: Strikes out swinging, 2-3 out at first.
|
Batting: RHB José Icaza
|
0-0: Ball 1-0: Ball 2-0: Ball 3-0: Swinging Strike 3-1: Base on Balls
|
Batting: LHB Carson Dickinson
|
0-0: Foul Ball, location: 2F 0-1: Ball 1-1: SINGLE (Groundball, 4) (infield hit) José Icaza to second
|
Batting: RHB Ramón Cabrera
|
0-0: Foul Ball, location: 2F 0-1: Called Strike 0-2: Fly out, F9 (Flyball, 9LSF)
|
Top of the 8th over - 0 run(s), 1 hit(s), 0 error(s), 2 left on base; Temiskaming District Secondary School 14 - Fort Worth HS 7 |
BOTTOM OF THE 8TH |
Fort Worth HS Turkeys batting - Pitching for Temiskaming District Secondary School Saints : LHP Ken Byrd
|
Batting: LHB Francisco Madraso
|
0-0: Swinging Strike 0-1: Fly out, F7 (Flyball, 78M)
|
Batting: RHB Cameron Harris
|
0-0: Foul Ball, location: 2F 0-1: Ball 1-1: Ball 2-1: Swinging Strike 2-2: Foul Ball, location: 2F 2-2: SINGLE (Groundball, 56D)
|
Pitching: RHP Chris King
|
|
Batting: RHB Denny Dennis
|
0-0: Ball 1-0: Ball 2-0: SINGLE (Flyball, 56D) Cameron Harris to second
|
Pitching: RHP Tracy Ferguson
|
|
Batting: RHB Terry McRa
|
0-0: Called Strike 0-1: Ball 1-1: Ball 2-1: Foul Ball, location: 2F 2-2: Ball 3-2: DOUBLE (Line Drive, 9LM) Cameron Harris scores Denny Dennis to third
|
Batting: RHB Fred Smith
|
0-0: Ball 1-0: Ball 2-0: Called Strike 2-1: Foul Ball, location: 2F 2-2: Foul Ball, location: 2F 2-2: Ground out 4-3 (Groundball, 4) Denny Dennis scores Terry McRa to third
|
Batting: LHB Fernando García
|
0-0: SINGLE (Line Drive, 7LS) Terry McRa scores
|
Batting: SHB Rick Cochran
|
0-0: Swinging Strike 0-1: Fly out, F6 (Line Drive, 6)
|
Bottom of the 8th over - 3 run(s), 4 hit(s), 0 error(s), 1 left on base; Temiskaming District Secondary School 14 - Fort Worth HS 10 |
TOP OF THE 9TH |
Temiskaming District Secondary School Saints batting - Pitching for Fort Worth HS Turkeys : LHP Rickey Cuttle
|
Pitching: LHP Sherman Gordon
|
|
Batting: LHB Leonardo Torres
|
0-0: Ball 1-0: Foul Ball, location: 2F 1-1: Called Strike 1-2: Strikes out swinging
|
Batting: RHB Hilton Knowles
|
0-0: Ground out 5-3 (Groundball, 56S)
|
Batting: RHB Louis-Joseph Perrier
|
0-0: Ball 1-0: Called Strike 1-1: Ball 2-1: Foul Ball, location: 2F 2-2: Ball 3-2: Ground out 5-3 (Groundball, 5)
|
Top of the 9th over - 0 run(s), 0 hit(s), 0 error(s), 0 left on base; Temiskaming District Secondary School 14 - Fort Worth HS 10 |
BOTTOM OF THE 9TH |
Fort Worth HS Turkeys batting - Pitching for Temiskaming District Secondary School Saints : RHP Tracy Ferguson
|
Batting: LHB Mike Richardson
|
0-0: Foul Ball, location: 2F 0-1: Called Strike 0-2: Ball 1-2: Ball 2-2: Fly out, F4 (Line Drive, 4)
|
Batting: RHB Tristan Vincent
|
0-0: Reached on error, E5 (Groundball, 5)
|
Batting: LHB Francisco Madraso
|
0-0: Ball 1-0: Foul Ball, location: 2F 1-1: Ball 2-1: Ball 3-1: Called Strike 3-2: Foul Ball, location: 2F 3-2: Base on Balls Tristan Vincent to second
|
Batting: RHB Cameron Harris
|
0-0: Foul Ball, location: 2F 0-1: Called Strike 0-2: SINGLE (Groundball, 56D) Tristan Vincent to third Francisco Madraso to second Runner from 3rd tries for Home, SAFE, throw made home Francisco Madraso to third Cameron Harris to second
|
Batting: RHB Denny Dennis
|
0-0: Ball 1-0: Called Strike 1-1: Called Strike 1-2: Ball 2-2: SINGLE (Groundball, 6MD) Francisco Madraso scores Cameron Harris to third Runner from 3rd tries for Home, SAFE, no throw
|
Batting: RHB Terry McRa
|
0-0: Foul Ball, location: 2F 0-1: Foul Ball, location: 2F 0-2: Strikes out swinging
|
Batting: RHB Fred Smith
|
0-0: Ball 1-0: Ball 2-0: Ball 3-0: Called Strike 3-1: Swinging Strike 3-2: Strikes out swinging
|
Bottom of the 9th over - 3 run(s), 2 hit(s), 1 error(s), 1 left on base; Temiskaming District Secondary School 14 - Fort Worth HS 13 |
|